 Dungeon Crawl Stone Soup version 0.26.1-11-gd32895ea62 (webtiles) character file.

Game seed: 18276048577384620213

455 Silvore the Slasher (level 6, -4/46 HPs)
             Began as a Demonspawn Gladiator on June 29, 2021.
             Slain by an ice beast (12 damage)
             ... on level 4 of the Dungeon.
             The game lasted 00:06:11 (3950 turns).

Silvore the Slasher (Demonspawn Gladiator)          Turns: 3950, Time: 00:06:12

Health: -4/46      AC:  6    Str: 16    XL:     6   Next: 76%
Magic:  6/6        EV: 12    Int:  9    God:
Gold:   173        SH:  0    Dex: 15    Spells: 5/5 levels left

rFire    . . .     SeeInvis +   a - +1 long sword
rCold    . . .     Faith    .   (no shield)
rNeg     . . .     Spirit   .   j - +0 ring mail
rPois    .         Reflect  .   c - +0 helmet
rElec    .         Harm     .   (no cloak)
rCorr    .         Rampage  .   (no gloves)
Will     +....                  (boots unavailable)
Stlth    +.........             (no amulet)
HPRegen  0.15/turn              i - ring of see invisible
MPRegen  0.10/turn              k - ring of willpower

@: no status effects
A: hooves 3, spiny 1
a: no special abilities


You were on level 4 of the Dungeon.
You visited 1 branch of the dungeon, and saw 5 of its levels.

You collected 173 gold pieces.

Inventory:

Hand Weapons
 a - a +1 long sword (weapon)
Missiles
 d - 3 throwing nets (quivered)
Armour
 b - a +0 leather armour
 c - a +0 helmet (worn)
 j - a +0 ring mail (worn)
Jewellery
 i - a ring of see invisible (left hand)
 k - a ring of willpower (right hand)
Scrolls
 h - 4 scrolls of teleportation
 m - 2 scrolls of amnesia
 n - 4 scrolls of identify
 o - a scroll of remove curse
 q - 3 scrolls of fear
 s - a scroll of immolation {unknown}
Potions
 e - a potion of attraction {unknown}
 f - 2 potions of degeneration {unknown}
 g - a potion of might {unknown}
 l - 2 potions of curing
 p - a potion of haste {unknown}
 r - 2 potions of brilliance {unknown}


   Skills:
 + Level 2.8 Fighting
 + Level 5.3 Long Blades
 + Level 1.7 Throwing
 + Level 3.0 Armour
 + Level 3.2 Dodging
 + Level 1.5 Stealth


You had 5 spell levels left.
You didn't know any spells.
Your spell library contained the following spells:

 Spells                   Type           Power        Failure   Level
 Animate Skeleton         Necr           0%           58%         1
 Apportation              Tloc           0%           58%         1
 Corona                   Hex            0%           58%         1
 Summon Small Mammal      Summ           0%           58%         1


Dungeon Overview and Level Annotations

Branches:
Dungeon (5/15)
 Temple: D:4-7

Altars:
Xom
Yredelemnul


Innate Abilities, Weirdness & Mutations

You have hooves in place of feet.
You are partially covered in sharp spines.


Message History

The ice beast is heavily wounded.
The ice beast is struck by your spines. The ice beast hits you.
The ice beast freezes you!
You hit the ice beast. You kick the ice beast.
The ice beast is heavily wounded.
The ice beast hits you but does no damage.
You hit the ice beast.
The ice beast is severely wounded.
The ice beast hits you. The ice beast freezes you!
* * * LOW HITPOINT WARNING * * *
There is a stone staircase leading up here.
The ice beast hits you but does no damage.
You climb upwards.
There is a stone staircase leading down here.
You hit the ice beast but do no damage. Your kick misses the ice beast.
The ice beast is heavily wounded.
The ice beast hits you.
* * * LOW HITPOINT WARNING * * *
The ice beast freezes you!
You die...

#......#########
#.####.........# #.#
#########.##### #.#
#...........# #.# #.#####.###.#
##.## #.# ##...##.#
##...#####.###.#.#.#.#
...............#.##..########
###..##.........@Y.......>..#
#.###.##.##<...#..........#
#.###............#.###.#..#####
#..)...#.......................
#.####.##.......####.#.........
#.# ##.####....######...#.#####
###.# #..............###.####
....# #.......######.# #.#
.#### #.......# #.# #.#


You could see an ice beast.

Vanquished Creatures
  Grinder (D:4)
  3 worker ants (D:4)
  A hound zombie (D:4)
  3 hound skeletons (D:4)
  6 adders
  An ooze (D:3)
  An adder zombie (D:4)
  3 dart slugs
  5 leopard geckos
  5 orcs (D:3)
  2 giant cockroaches
  3 goblins
  10 hobgoblins
  3 jackals (D:3)
  2 ball pythons
  4 bats
  4 frilled lizards
  6 kobolds
  A quokka skeleton (D:4)
  5 rats
69 creatures vanquished.

Vanquished Creatures (others)
  A withered plant (D:3)
1 creature vanquished.

Grand Total: 70 creatures vanquished

Notes
Turn   | Place    | Note
-------+----------+-------------------------------------------
     0 | D:1      | Silvore the Demonspawn Gladiator began the quest for the
                  | Orb.
     0 | D:1      | Reached XP level 1. HP: 16/16 MP: 1/1
   260 | D:1      | Reached skill level 3 in Long Blades
   353 | D:1      | Gained mutation: You have large cloven feet. [demonic
                  | ancestry]
   353 | D:1      | Reached XP level 2. HP: 19/22 MP: 2/2
  1524 | D:2      | Gained mutation: You have hoof-like feet. [demonic
                  | ancestry]
  1524 | D:2      | Reached XP level 3. HP: 27/27 MP: 3/3
  1605 | D:2      | Found a shimmering altar of Xom.
  1607 | D:2      | Found an ornate altar of the Wu Jian Council.
  1607 | D:2      | Found a white marble altar of Elyvilon.
  1609 | D:2      | Found a shimmering altar of Xom.
  1609 | D:2      | Found an ornate altar of the Wu Jian Council.
  1609 | D:2      | Found a shimmering altar of Xom.
  2241 | D:3      | Reached skill level 1 in Armour
  2415 | D:3      | Gained mutation: You have hooves in place of feet. [demonic
                  | ancestry]
  2415 | D:3      | Reached XP level 4. HP: 27/34 MP: 4/4
  2521 | D:3      | Found a basalt altar of Yredelemnul.
  2989 | D:3      | Reached skill level 4 in Long Blades
  3130 | D:4      | Gained mutation: You are partially covered in sharp spines.
                  | [demonic ancestry]
  3130 | D:4      | Reached XP level 5. HP: 37/39 MP: 5/5
  3275 | D:4      | Reached skill level 1 in Stealth
  3302 | D:4      | Noticed Grinder
  3344 | D:4      | Paralysed by Grinder for 4 turns
  3354 | D:4      | Killed Grinder
  3355 | D:4      | Reached skill level 5 in Long Blades
  3355 | D:4      | Reached XP level 6. HP: 28/46 MP: 6/6
  3928 | D:5      | Entered Level 5 of the Dungeon
  3928 | D:5      | Noticed an ice beast
  3950 | D:4      | Slain by an ice beast

Illustrated notes

Levels and vault maps discovered:
D:1:      tarquinn_simple_flora_water_f, layout_basic, minmay_misc_feat_chi
D:2:      layout_loops_corners, hangedman_decor_points, doesnt_xom_only_xom
D:3:      layout_loops_ring, yredelemnul_altar_generic
D:4:      layout_loops_ring, uniq_grinder
D:5:      layout_loops_cross, serial_shops, shop_fountains,
          gup_sewer_entry_bubbles

Skill      XL: |  1  2  3  4  5  6 |
---------------+-------------------+-----
Long Blades    | 3 4 5 |  5.3
Dodging        | 3 |  3.2
Armour         | 1 2 3 |  3.0
Stealth        | 1 |  1.5
Fighting       | |  2.8
Throwing       | |  1.7

Action                   |  1- 3 |  4- 6 || total
-------------------------+-------+-------++-------
Melee: Long sword        |    87 |    89 ||   176
       Kick              |    12 |    28 ||    40
  Use: Scroll            |     9 |     2 ||    11
       Potion            |       |     1 ||     1
 Stab: Sleeping          |     1 |       ||     1
Armor: Leather armour    |    16 |       ||    16
       Ring mail         |    11 |    34 ||    45
Dodge: Dodged            |    60 |    45 ||   105
       Rpst.: Long sword |    19 |    16 ||    35
